 Dungeon Crawl Stone Soup version 0.30-a0-46-g5a63ccc183 (webtiles) character file.

Game seed: 12732326682276439885

14465 ytrimaz the Transmogrifier (level 12, -1/93 HPs)
             Began as an Octopode Transmuter on Sept 1, 2022.
             Was a Believer of Ashenzari.
             Slain by a slime creature (18 damage)
             ... on level 13 of the Dungeon.
             The game lasted 00:30:29 (17164 turns).

ytrimaz the Transmogrifier (Octopode Transmuter)   Turns: 17164, Time: 00:30:30

Health: -1/93      AC:  9    Str: 11    XL:     12   Next: 16%
Magic:  37/37      EV: 10    Int: 17    God:    Ashenzari [**....]
Gold:   796        SH:  0    Dex: 12    Spells: 15/35 levels left

rFire   x . .      SeeInvis +      - Unarmed
rCold   + + +      Faith    .    (shield currently unavailable)
rNeg    . . .      Spirit   .    (helmet currently unavailable)
rPois   +          Reflect  .    E - amulet "I Knew You'd Do That" {RegenMP rC+, Cun, Self} (curse)
rElec   .          Harm     .    p - ring "Lashed With Me" {rC+, Melee, Comp} (curse)
rCorr   .          Rampage  .    x - ring of the Mantic Affliction {MP+9, Elem, Alch} (curse)
Will    .....      Clarity  +    z - ring of the Chained Fetters {rC+, Self, Melee} (curse)
Stlth   +.........               h - ring of wizardry
HPRegen 0.25/turn                (no ring)
MPRegen 0.65/turn                (no ring)
                                 (no ring)
                                 (no ring)

@: ice-form, wereblooded
A: freezing attack, boosted hp, almost no armour, amphibious, 8 rings, large,
(camouflage 1), (gelatinous body 1), (nimble swimmer 1), (tentacles), (tentacle
spike 1), (iridescent scales 1), clarity, dopey 1
a: End Transformation, Renounce Religion, Curse Item, Shatter the Chains


You were on level 13 of the Dungeon.
You worshipped Ashenzari.
Ashenzari was pleased with you.
You were a creature of crystalline ice.
You visited 2 branches of the dungeon, and saw 14 of its levels.
You also visited: Gauntlet.

You collected 796 gold pieces.


Innate Abilities, Weirdness & Mutations

You are a creature of crystalline ice.
You have a powerful freezing melee attack.
Your maximum health is increased.
Your armour is entirely melded.
You are incapable of wielding weapons or throwing items.
You cannot wear most types of armour.
You are amphibious.
You can wear up to eight rings at the same time.
((Your skin changes colour to match your surroundings (Stealth+).))
((Your rubbery body absorbs attacks. (AC +1, EV +1)))
((You are camouflaged when in or above water. (Stealth+)))
((You have tentacles for arms and can constrict up to eight enemies at once.))
((One of your tentacles bears a spike.))
((You are partially covered in iridescent scales. (AC +2)))
You possess an exceptional clarity of mind.
You are dopey. (Int -2)


   Skills:
 + Level 4.0(5.7) Fighting
 - Level 2.0(3.0) Dodging
 + Level 9.4(11.3) Unarmed Combat
 - Level 10.1(12.0) Spellcasting
 - Level 10.7(12.0) Transmutations
 - Level 5.0(6.2) Ice Magic
 - Level 7.0(8.2) Poison Magic


You had 15 spell levels left.
You knew the following spells:

 Your Spells              Type           Power      Damage    Failure   Level
a - Ice Form              Ice/Tmut       41%        N/A       1%          4
b - Wereblood             Tmut           50%        N/A       1%          2
c - Spider Form           Tmut/Pois      44%        N/A       1%          3
d - Olgreb's Toxic Radia  Pois           38%        N/A       1%          4
e - Storm Form            Tmut/Air       15%        N/A       86%         7

Your spell library contained the following spells:

 Spells                   Type           Power      Damage    Failure   Level
 Beastly Appendage        Tmut           100%       N/A       1%          1
 Sting                    Tmut/Pois      100%       1d8       1%          1
 Poisonous Vapours        Pois/Air       48%        N/A       1%          2
 Apportation              Tloc           20%        N/A       2%          1
 Necrotise                Necr           40%        1d6       2%          1
 Summon Small Mammal      Summ           40%        N/A       2%          1
 Blink                    Tloc           20%        N/A       4%          2
 Lesser Beckoning         Tloc           10%        N/A       9%          3
 Manifold Assault         Tloc           10%        N/A       56%         5

Inventory:

Missiles
 g - 100 stones (quivered) {throwing}
 k - 2 throwing nets {=f!fthrowing}
 t - 26 poisoned darts {throwing}
Magical Staves
 l - a staff of air {!astaff}
   (You found it on level 10 of the Dungeon)
 F - a staff of cold {!astaff}
   (You found it on level 11 of the Dungeon)
Jewellery
 h - a ring of wizardry (on tentacle)
   (You found it on level 10 of the Dungeon)
 p - the cursed ring "Lashed With Me" (left front paw) {rC+, Melee, Comp}
   (You found it on level 6 of the Dungeon)

   [ring of protection from cold]

   rC:        It protects you from cold.
   It has a curse which improves the following skills: Melee Combat: Short
   Blades, Long Blades, Axes, Maces & Flails, Polearms, Staves and Unarmed
   Combat.
   Companions: Summonings and Necromancy.
 x - the cursed ring of the Mantic Affliction (right front paw) {MP+9, Elem, Alch}
   (You found it on level 8 of the Dungeon)

   [ring of magical power]

   MP:        It affects your magic capacity (+9).
   It has a curse which improves the following skills: Elements: Fire Magic, Ice
   Magic, Air Magic and Earth Magic.
   Alchemy:   Poison Magic and Transmutations.
 z - the cursed ring of the Chained Fetters (on tentacle) {rC+, Self, Melee}
   (You took it off a kobold brigand on level 9 of the Dungeon)

   [ring of protection from cold]

   rC:        It protects you from cold.
   It has a curse which improves the following skills: Introspection: Fighting
   and Spellcasting.
   Melee Combat: Short Blades, Long Blades, Axes, Maces & Flails, Polearms,
   Staves and Unarmed Combat.
 E - the cursed amulet "I Knew You'd Do That" (around neck) {RegenMP rC+, Cun, Self}
   (You found it on level 10 of the Dungeon)

   [amulet of magic regeneration]

   It increases your rate of magic regeneration.
   rC:        It protects you from cold.
   It has a curse which improves the following skills: Cunning: Dodging and
   Stealth.
   Introspection: Fighting and Spellcasting.
Wands
 c - a wand of digging (7)
   (You took it off Terence on level 2 of the Dungeon)
 s - a wand of flame (48)
   (You found it on level 6 of the Dungeon)
 w - a wand of mindburst (6)
   (You found it on level 10 of the Dungeon)
 y - a wand of iceblast (5)
   (You found it on level 11 of the Dungeon)
 A - a wand of light (5)
   (You found it on level 9 of the Dungeon)
Scrolls
 d - a scroll of enchant weapon
 e - 2 scrolls of magic mapping {!r}
 f - a scroll of noise {!r}
 j - 2 scrolls of fear
 q - a scroll of immolation {!r!r}
 r - 3 scrolls of vulnerability {!r!r}
 v - a scroll of teleportation {@r4}
 B - 3 scrolls of enchant armour
 C - 5 scrolls of butterflies
 D - a scroll of poison {!r}
 H - 2 scrolls of identify {@r1}
 I - a scroll of torment {!r}
Potions
 a - 3 potions of mutation {!q}
 b - 2 potions of lignification {!q}
 i - 2 potions of resistance
 m - 3 potions of attraction {!q}
 n - 2 potions of heal wounds {@q2}
 o - 2 potions of curing {@q1}
 u - a potion of berserk rage {!q}
 G - a potion of haste {@q3}
 J - 2 potions of might

Dungeon Overview and Level Annotations

Branches:
Dungeon (13/15) Zot: 26976  Temple (1/1) D:4 Zot: 5937    Lair (0/5) D:11
    Orc (0/2) D:10        Gauntlet (visited)
 Vaults: D:13-14

Altars:
Ashenzari
Cheibriados
Dithmenos
Elyvilon
Fedhas
Gozag
Hepliaklqana
Kikubaaqudgha
Makhleb
Nemelex Xobeh
Okawaru
Qazlal
Ru
Sif Muna
Trog
Uskayaw
Vehumet
Wu Jian
Xom
Yredelemnul
Zin
The Shining One

Shops:
D:2 [   D:6 [   D:7 :

Portals:
Trove: D:12 (give +5 demon whip)

* , , , , .###
, , ...##**
**** #... ,, ,
, * ,,, ...##*
* , ,,
***#..##*###..
###..#..?..# ,
* ** ,
**#YJW..?# *
** *
#...J##.### *
* #...###..#
,, ###. ##.#*
#.* .. , ,,*
#. ###,,* * #[
, * ,, , ,, #.
*


You could see a large slime creature, a slime creature and a wraith.


Message History

There is an open door here.
Found a stone staircase leading down.
Key pressed, stopping explore.
You now have 796 gold pieces (gained 20).
Ashenzari invites you to partake of a vision and a curse of introspection and fortitude.
J - a potion of might Unknown command.
Key pressed, stopping explore.
J - 2 potions of might (gained 1) Done exploring.
Unknown command.
Done exploring.
There is a stone staircase leading down here.
You climb downwards.
There is a stone staircase leading up here.
Unknown command.
Casting: Olgreb's Toxic Radiance (dangerous; 1% risk of failure)
Confirm with . or Enter, or press ? or * to list all spells.
You turn into a creature of crystalline ice. 😎 HP[+15] MP[-4]
You now have 93 max hp (+15).
Your hp is fully restored (93).
You lost 4 mp, and now have 33/37 mp.
Unknown command.
A slime creature comes into view.
The slime creature quivers. 😎 MP[+4]
Your mp is fully restored (37).
A slime creature is nearby!
A slime creature is nearby!
Unknown command.
A slime creature and a wraith come into view.
The slime creature quivers.
A slime creature comes into view.
The slime creature quivers.
You hit the wraith. You barely miss the wraith. The wraith hits you. 😕 HP[-2]
You take 2 damage, and now have 91/93 hp.
Unknown command.
You hit the wraith but do no damage. The slime creature hits you!
The wraith closely misses you. 😕 HP[-13]
You take 13 damage, and now have 78/93 hp.
The slime creature attacks as you move away!
The slime creature hits you but does no damage.
The wraith barely misses you. 😕 HP[+1]
You punch the wraith! The slime creature hits you.
The wraith barely misses you. 😕 HP[-3]
You take 3 damage, and now have 76/93 hp.
Casting: Ice Form (mildly dangerous; 1% risk of failure)
Confirm with . or Enter, or press ? or * to list all spells.
Your blood is infused with primal strength.
The slime creature hits you!
The slime creature hits you. 😮 HP[-9] MP[-2]
You take 9 damage, and now have 67/93 hp.
You lost 2 mp, and now have 35/37 mp.
Unknown command.
Two slime creatures merge to form a large slime creature.
There is a stone staircase leading up here.
You punch the large slime creature!
You freeze the large slime creature. 😮 HP[+1] MP[+1]
You are too injured to fight recklessly!
You punch the large slime creature!
You freeze the large slime creature. 😮 MP[+1]
Your mp is fully restored (37).
Unknown command.
You are too injured to fight recklessly!
You are too injured to fight recklessly!
You pummel the large slime creature!! You freeze the large slime creature!
A large slime creature splits.
Two slime creatures merge to form a large slime creature.
Unknown command.
You are too injured to fight recklessly!
You punch the large slime creature! You freeze the large slime creature.
You are too injured to fight recklessly!
You pummel the large slime creature!! You freeze the large slime creature!
The slime creature hits you.
The large slime creature hits you! 😮 HP[-8]
You take 8 damage, and now have 60/93 hp.
You hit the large slime creature. You freeze the large slime creature.
The slime creature hits you but does no damage.
The large slime creature hits you!!
* * * LOW HITPOINT WARNING * * *
You are too injured to fight recklessly! 😨 HP[-32]
You take 32 damage, and now have 28/93 hp.
MASSIVE DAMAGE!! (PAUSE)
You hit the large slime creature but do no damage.
The slime creature hits you!
* * * LOW HITPOINT WARNING * * *
You are too injured to fight recklessly! 😱 HP[-16]
You take 16 damage, and now have 12/93 hp.
Unknown command.
You feel much better. The large slime creature hits you!!
* * * LOW HITPOINT WARNING * * *
The slime creature hits you!!
You die...

Skill      XL: |  1  2  3  4  5  6  7  8  9 10 11 12 |
---------------+-------------------------------------+-----
Unarmed Combat | 4 6 8 9 |  9.4
Poison Magic   | 2 3 6 7 |  7.0
Spellcasting   | 3 4 5 7 8 10 | 10.1
Transmutations | 3 4 5 8 9 10 | 10.7
Ice Magic      | 4 5 |  5.0
Fighting       | 2 4 |  4.0
Dodging        | |  2.0

Action                   |  1- 3 |  4- 6 |  7- 9 | 10-12 || total
-------------------------+-------+-------+-------+-------++-------
Melee: Unarmed           |    72 |   127 |   147 |   271 ||   617
       Constrict         |    16 |    10 |     3 |     1 ||    30
       Kick              |     4 |    13 |     3 |     1 ||    21
       Tentacles         |    11 |     8 |     1 |       ||    20
       Punch             |     1 |     2 |       |       ||     3
Throw: Dart              |     6 |     6 |       |       ||    12
       Stone             |       |     2 |       |       ||     2
 Cast: Beastly Appendage |     5 |       |       |       ||     5
       Spider Form       |     3 |     6 |    10 |       ||    19
       Wereblood         |     1 |     3 |       |     8 ||    12
       Ice Form          |       |     1 |    19 |    46 ||    66
       Olgreb's Toxic Ra |       |       |    41 |   118 ||   159
Invok: Curse Item        |       |       |     1 |     4 ||     5
       Shatter the Chain |       |       |       |     1 ||     1
  Use: Scroll            |     4 |     5 |     4 |       ||    13
       Potion            |     2 |     4 |       |     3 ||     9
 Stab: Sleeping          |     4 |     6 |     1 |       ||    11
Armor: Skin              |    17 |    37 |    41 |    86 ||   181
Dodge: Dodged            |    59 |    82 |    92 |   139 ||   372

Levels and vault maps discovered:
D:1:      nagdon_arrival_double_spiral, layout_loops_ring
D:2:      cheibrodos_old_hovel, layout_rooms, basic_altar, serial_shops,
          nicolae_shop_hallway_stairs, chequers_ecumenical_altar_island,
          uniq_robin, uniq_terence
D:3:      cheibrodos_fertilizer, layout_rooms,
          lemuel_zombie_altar_kikubaaqudgha, worldfamousw_hep_ancestral_shrine,
          nicolae_overflow_hidden_temple, serial_forest,
          infiniplex_forest_lined_corner, infiniplex_forest_lined_room_2,
          infiniplex_forest_zigzag_2, infiniplex_forest_clump_curved,
          infiniplex_forest_corner_2, infiniplex_forest_lined_room_3
D:4:      layout_basic, minmay_temple_entry_offerings, grunt_ministairs_10,
          uniq_pikel
D:5:      layout_rooms, nicolae_ru_the_path_less_chosen, serial_bayou_pond_b,
          minmay_gold_behind_fungi
D:6:      layout_loops_ring, serial_shops, nicolae_stop_n_shop_1,
          chequers_serial_rivers_large_a, nicolae_lava_and_water
D:7:      layout_cave_pools, lemuel_tele_altar, serial_shops, shop
D:8:      layout_layer_cave, mainiacjoe_overflow_swirl, nicolae_titane
D:9:      layout_cave_pools, grunt_temple_overflow_lords_of_destruction
D:10:     layout_cave_pools, zombieorc2_lemuel, minmay_misc_feat_plants,
          uniq_nergalle
D:11:     layout_basic, due_lair_maze_entry_diamond, gauntlet_entry_generic
D:12:     layout_loops_corners, nicolae_trove_entry_columns, minivault_19,
          chequers_serial_rivers_micro_b
D:13:     layout_rooms, special_room [special_room_bee], uniq_frances
Temple:   nicolae_temple_god_jail

Notes
Turn   | Place    | Note
-------+----------+-------------------------------------------
     0 | D:1      | ytrimaz the Octopode Transmuter began the quest for the
                  | Orb.
     0 | D:1      | Reached XP level 1. HP: 13/13 MP: 3/3
     0 | D:1      | magus.rc [v1.9.6]
   124 | D:1      | You pick up a book of Cantrips and begin reading...
   124 | D:1      | You add the spells Necrotise, Summon Small Mammal and
                  | Apportation to your library.
   146 | D:1      | Reached XP level 2. HP: 14/18 MP: 5/5
   446 | D:1      | You add the spells Sting, Poisonous Vapours and Olgreb's
                  | Toxic Radiance to your library.
   449 | D:1      | Reached skill level 4 in Unarmed Combat
   578 | D:1      | Reached XP level 3. HP: 23/23 MP: 4/6
   581 | D:1      | Learned a level 2 spell: Wereblood
   585 | D:1      | Learned a level 3 spell: Spider Form
   989 | D:2      | Found a glowing golden altar of the Shining One.
  1021 | D:2      | Identified the +1 leather armour of Refuge {+Blink rPois
                  | rF+}
  1164 | D:2      | Found Cullid's Armour Shop.
  1194 | D:2      | Noticed Robin
  1206 | D:2      | Reached skill level 1 in Poison Magic
  1221 | D:2      | Noticed Terence
  1239 | D:2      | Killed Terence
  1240 | D:2      | Reached skill level 2 in Poison Magic
  1240 | D:2      | Reached XP level 4. HP: 26/28 MP: 1/7
  1252 | D:2      | HP: 6/42 [hobgoblin/+0 trident[Robin] (5)]
  1253 | D:2      | HP: 2/28 [hobgoblin/+0 trident[Robin] (2)]
  1677 | D:2      | HP: 7/28 [worm (10)]
  1680 | D:2      | HP: 2/28 [Robin/+0 spear (5)]
  1681 | D:2      | Killed Robin
  2297 | D:2      | Found a faded altar of an unknown god.
  2363 | D:3      | Reached XP level 5. HP: 29/33 MP: 7/9
  2425 | D:3      | Found a hazy altar of Hepliaklqana.
  2434 | D:3      | Gained mutation: You are dopey. (Int -2) [potion of
                  | mutation]
  2434 | D:3      | Gained mutation: You possess an exceptional clarity of
                  | mind. [potion of mutation]
  2434 | D:3      | Gained mutation: You are partially covered in iridescent
                  | scales. (AC +2) [potion of mutation]
  2434 | D:3      | Gained mutation: One of your tentacles bears a spike.
                  | [potion of mutation]
  2748 | D:3      | Learned a level 4 spell: Ice Form
  2896 | D:3      | HP: 8/33 [something (25)]
  3710 | D:3      | Reached skill level 3 in Poison Magic
  3720 | D:3      | Reached skill level 3 in Spellcasting
  3720 | D:3      | Reached skill level 3 in Transmutations
  3813 | D:3      | Found a shimmering blue altar of Sif Muna.
  4355 | D:3      | Reached XP level 6. HP: 38/38 MP: 10/10
  4355 | D:3      | Found an ancient bone altar of Kikubaaqudgha.
  4452 | D:4      | Noticed Pikel
  4478 | D:4      | HP: 9/38 [Pikel/+1 whip of electrocution (8)]
  4486 | D:4      | Killed Pikel
  4487 | D:4      | Reached skill level 4 in Spellcasting
  4487 | D:4      | Reached skill level 4 in Transmutations
  4487 | D:4      | Reached skill level 6 in Poison Magic
  4487 | D:4      | Reached XP level 7. HP: 28/43 MP: 10/13
  4500 | D:4      | Learned a level 4 spell: Olgreb's Toxic Radiance
  5295 | D:4      | Reached XP level 8. HP: 43/48 MP: 14/14
  5741 | D:4      | Found a staircase to the Ecumenical Temple.
  5765 | D:4      | Reached skill level 7 in Poison Magic
  5888 | D:4      | You add the spells Blink, Manifold Assault and Storm Form
                  | to your library.
  5891 | Temple   | Entered the Ecumenical Temple
  5936 | Temple   | Became a worshipper of Ashenzari the Shackled
  6005 | D:5      | Entered Level 5 of the Dungeon
  6109 | D:5      | Reached skill level 1 in Ice Magic
  6124 | D:5      | Reached skill level 5 in Transmutations
  6358 | D:5      | Found a sacrificial altar of Ru.
  6377 | D:5      | Reached skill level 2 in Ice Magic
  6438 | D:5      | Reached skill level 5 in Spellcasting
  6632 | D:5      | Reached skill level 3 in Ice Magic
  6923 | D:5      | Reached skill level 4 in Ice Magic
  6962 | D:5      | Reached XP level 9. HP: 53/53 MP: 13/17
  6987 | D:5      | Reached skill level 6 in Transmutations
  7208 | D:6      | Found Matauxt's Armour Shoppe.
  7214 | D:6      | Reached skill level 6 in Spellcasting
  8415 | D:7      | Reached skill level 7 in Transmutations
  8438 | D:7      | Found Zajeoxe's Book Emporium.
  8442 | D:7      | Noticed a two-headed ogre
  8470 | D:7      | Killed a two-headed ogre
  8471 | D:7      | Reached skill level 7 in Spellcasting
  8471 | D:7      | Reached skill level 8 in Transmutations
  8471 | D:7      | Reached skill level 5 in Ice Magic
  8471 | D:7      | Reached XP level 10. HP: 53/58 MP: 12/20
  8557 | D:7      | Found a white marble altar of Elyvilon.
  8672 | D:7      | Identified the +4 ring mail of Love and Death {rN+ Will+}
  8779 | D:7      | Reached * piety under Ashenzari
  8803 | D:7      | Noticed a boulder beetle
  8819 | D:7      | Killed a boulder beetle
  8964 | D:7      | Reached skill level 5 in Unarmed Combat
  9633 | D:8      | Identified a +2 robe of the Archmagi
 10115 | D:8      | Found a bloodstained altar of Trog.
 10131 | D:8      | Found a sparkling altar of Nemelex Xobeh.
 10427 | D:8      | Reached skill level 8 in Spellcasting
 10564 | D:8      | Reached skill level 9 in Transmutations
 11087 | D:9      | Reached skill level 6 in Unarmed Combat
 11419 | D:9      | Reached XP level 11. HP: 57/63 MP: 20/24
 12175 | D:9      | Found a burning altar of Makhleb.
 12176 | D:9      | Found a radiant altar of Vehumet.
 12319 | D:9      | Learned a level 7 spell: Storm Form
 12320 | D:10     | Entered Level 10 of the Dungeon
 12327 | D:10     | Identified the +10 sling "Pient" {vorpal, Str+6 Dex+2}
 12332 | D:10     | Reached skill level 7 in Unarmed Combat
 12332 | D:10     | Reached skill level 9 in Spellcasting
 12332 | D:10     | Reached skill level 10 in Transmutations
 12336 | D:10     | HP: 16/75 [yak (11)]
 12666 | D:10     | Identified the amulet of Greed {RegenMP rC+}
 12706 | D:10     | Reached ** piety under Ashenzari
 12963 | D:10     | Found a staircase to the Orcish Mines.
 13120 | D:10     | Noticed Nergalle
 13126 | D:10     | Noticed a spectral orc warlord
 13131 | D:10     | Killed Nergalle
 13588 | D:11     | Found a gate leading to a gauntlet.
 13597 | Gauntlet | Entered a Gauntlet
 13597 | Gauntlet | Found a transporter.
 13597 | Gauntlet | Found a transporter.
 13597 | Gauntlet | Found a transporter.
 13598 | Gauntlet | Found a transporter.
 13598 | Gauntlet | Noticed a catoblepas
 13601 | Gauntlet | Found a transporter.
 13601 | Gauntlet | Found a transporter.
 13611 | Gauntlet | Found a transporter.
 13615 | Gauntlet | Found a transporter.
 13618 | Gauntlet | Noticed a sixfirhy
 13622 | Gauntlet | Noticed a sixfirhy
 13623 | Gauntlet | Noticed a sixfirhy
 13626 | Gauntlet | Identified the ring "Soshreobb" {rPois Str+6}
 13628 | Gauntlet | Found a transporter.
 13635 | Gauntlet | Identified the +0 helmet of Hangman {Rampage Regen+}
 13660 | Gauntlet | Noticed an oklob plant
 13730 | Gauntlet | Found a transporter.
 13734 | Gauntlet | Found a transporter.
 13743 | Gauntlet | Noticed an orange crystal statue
 13744 | Gauntlet | Found a transporter.
 13744 | Gauntlet | Identified the +7 morningstar of Patience {vorpal, Str+4}
 13896 | D:11     | Reached skill level 8 in Unarmed Combat
 14306 | D:11     | Noticed a white ugly thing
 14323 | D:11     | Killed a white ugly thing
 14347 | D:11     | Found a staircase to the Lair.
 14489 | D:11     | Reached skill level 10 in Spellcasting
 14502 | D:11     | Noticed a centaur warrior
 14509 | D:11     | HP: 11/76 [centaur warrior/arrow (17)]
 14518 | D:11     | HP: 9/76 [centaur warrior (11)]
 14519 | D:11     | Killed a centaur warrior
 14783 | D:11     | Reached skill level 2 in Fighting
 14869 | D:11     | Reached XP level 12. HP: 64/74 MP: 28/28
 15365 | D:11     | Identified the +3 scimitar "Tyiriri" {freeze, rC+ Str+3
                  | Dex+2}
 15678 | D:12     | Reached skill level 9 in Unarmed Combat
 15952 | D:12     | Reached skill level 3 in Fighting
 16060 | D:12     | You pick up a book of Spatial Translocations and begin
                  | reading...
 16119 | D:12     | Found a portal to a secret trove of treasure.
 16389 | D:12     | This trove needs a +5 demon whip to function. Give it the
                  | item?
 16510 | D:12     | Reached skill level 4 in Fighting
 17163 | D:13     | HP: 12/93 [slime creature (16)]
 17164 | D:13     | Slain by a slime creature

Vanquished Creatures
  A boulder beetle (D:7)
  A centaur warrior (D:11)
  A two-headed ogre (D:7)
  Nergalle (D:10)
  Pikel (D:4)
  An ugly thing (D:11)
  A manticore (D:12)
  2 komodo dragons (D:11)
  2 trolls
  A centaur simulacrum (D:11)
  A vampire (D:9)
  2 wyverns
  4 shadows
  27 yaks
  5 water moccasins (D:11)
  3 orc warriors
  3 ice beasts
  A sky beast (D:7)
  3 black bears
  An ogre (D:5)
  A centaur (D:9)
  A lemure (D:4)
  3 phantoms
  A kobold brigand (D:9)
  3 necrophages
  9 bullfrogs
  2 scorpions
  12 wights
  A troll zombie (D:10)
  A killer bee (D:11)
  4 howler monkeys
  A crimson imp (D:9)
  9 orc priests
  4 jellies
  A gnoll bouda (D:6)
  4 hounds
  Terence (D:2)
  5 iguanas
  5 orc wizards
  7 ogre zombies (D:10)
  Robin (D:2)
  13 gnolls
  6 adders
  3 white imps
  2 ufetubi (D:5)
  A worm (D:2)
  A dart slug (D:3)
  27 orcs
  6 bats
  14 endoplasms
  3 giant cockroaches
  13 goblins
  11 hobgoblins
  5 jackals
  19 kobolds
  3 quokkas
  7 ball pythons
  A goblin skeleton (D:10)
  4 goblin zombies (D:10)
  2 hobgoblin skeletons (D:10)
  3 hobgoblin zombies (D:10)
  4 orc skeletons (D:10)
  11 orc zombies (D:10)
  8 rats
  2 rat zombies (D:3)
307 creatures vanquished.

Vanquished Creatures (others)
  An orc priest (D:6)
  59 fungi
  37 plants
  10 toadstools
107 creatures vanquished.

Grand Total: 414 creatures vanquished

Table legend:
 A = Non-vault XP
 B = Vault XP
 C = Vault XP percentage of total XP
 D = Non-vault monster count
 E = Vault monster count
 F = Vault count percentage of total count
                 A         B        C        D         E       F
            +---------+---------+-------+---------+---------+-------
      Total |   16078 |    4587 |  22.2 |     214 |      93 |  30.3
            +---------+---------+-------+---------+---------+-------
        D:1 |      44 |       0 |   0.0 |      18 |       0 |   0.0
        D:2 |      37 |      74 |  66.7 |      15 |      13 |  46.4
        D:3 |      56 |     114 |  67.1 |      18 |      21 |  53.8
        D:4 |     403 |     716 |  64.0 |      20 |       5 |  20.0
        D:5 |     680 |     423 |  38.3 |      19 |       5 |  20.8
        D:6 |     887 |       0 |   0.0 |      28 |       0 |   0.0
        D:7 |    2653 |       0 |   0.0 |      17 |       0 |   0.0
        D:8 |     963 |       0 |   0.0 |      14 |       0 |   0.0
        D:9 |    3060 |      46 |   1.5 |      33 |       1 |   2.9
       D:10 |    2736 |    1689 |  38.2 |      13 |      37 |  74.0
       D:11 |    2276 |    1525 |  40.1 |      10 |      11 |  52.4
       D:12 |    2283 |       0 |   0.0 |       9 |       0 |   0.0
            +---------+---------+-------+---------+---------+-------

Illustrated notes

Table legend:
 A = Kills in this place as a percentage of kills in entire the game.
 B = Kills by you in this place as a percentage of kills by you in the entire game.
 C = Kills by friends in this place as a percentage of kills by friends in the entire game.
 D = Other kills in this place as a percentage of other kills in the entire game.
 E = Experience gained in this place as a percentage of experience gained in the entire game.
 F = Experience gained in this place divided by the number of levels of this place that you have seen.
                   A       B       C       D       E      F
               +-------+-------+-------+-------+-------+----------------------
         Total | 100.0 | 100.0 |   N/A | 100.0 | 100.0 | 1377.7
       Dungeon | 100.0 | 100.0 |   N/A | 100.0 | 100.0 | 1589.6
               +-------+-------+-------+-------+-------+----------------------

Table legend: (Time is in decaauts)
 A = Elapsed time spent in this place.
 B = Non-inter-level travel time spent in this place.
 C = Inter-level travel time spent in this place.
 D = Time resting spent in this place.
 E = Time spent auto-exploring this place.
 F = Levels seen in this place.
 G = Mean time per level.
                   A        B        C        D        E       F      G
               +--------+--------+--------+--------+--------+-----+--------+
         Total |  17075 |  16682 |    393 |   2191 |  12087 |  15 | 1138.3 |
       Dungeon |  16741 |  16364 |    377 |   2191 |  11907 |  13 | 1287.8 |
        Temple |     62 |     46 |     16 |      0 |     27 |   1 |   62.0 |
      Gauntlet |    270 |    270 |      0 |      0 |    153 |   1 |  270.0 |
               +--------+--------+--------+--------+--------+-----+--------+

Top non-repeatable levels by time:
     D:3: 2410 daAuts
     D:8: 1896 daAuts
    D:11: 1723 daAuts
    D:12: 1555 daAuts
     D:1: 1379 daAuts
    D:10: 1240 daAuts
     D:5: 1198 daAuts
     D:4: 1196 daAuts
     D:6: 1192 daAuts
     D:9: 1115 daAuts
     D:2: 939 daAuts
     D:7: 870 daAuts
Gauntlet: 270 daAuts
  Temple: 62 daAuts
    D:13: 22 daAuts
